 Dungeon Crawl Stone Soup version 0.32-a0-918-g0f22ef8d61 (webtiles) character file.

Game seed: 12173642798334882895

140 Revguard the Trooper (level 5, -3/41 HPs)
             Began as a Demonspawn Fighter on Apr 11, 2024.
             Slain by a phantom (6 damage)
             ... on level 4 of the Dungeon.
             The game lasted 00:06:31 (1862 turns).

Revguard the Trooper (Demonspawn Fighter)           Turns: 1862, Time: 00:06:32

Health: -3/41      AC:  9    Str: 18    XL:     5   Next: 2%
Magic:  6/6        EV: 23    Int:  8    God:
Gold:   243        SH:  4    Dex: 13    Spells: 4/4 levels left

rFire   + . .        a - +0 war axe
rCold   + . .        c - +0 buckler
rNeg    . . .        b - +0 scale mail
rPois   +            (no helmet)
rElec   +            (no cloak)
rCorr   +            (no gloves)
SInv    .            (no boots)
Will    .....        l - amulet of the acrobat Stlth
                     f - ring of resist corrosion
HPRegen 0.26/turn    (no ring)
MPRegen 0.20/turn

%: acrobat
@: mighty, lethally poisoned (-3 -> -7), resistant, acrobatic
A: molten scales 2, magic regeneration
a: no special abilities


You were on level 4 of the Dungeon.
You visited 1 branch of the dungeon, and saw 4 of its levels.

You collected 243 gold pieces.

Inventory:

Hand Weapons
 a - a +0 war axe (weapon)
Armour
 b - a +0 scale mail (worn)
 c - a +0 buckler (worn)
Jewellery
 f - a ring of resist corrosion (left hand)
 l - an amulet of the acrobat (around neck)
Wands
 m - a wand of warping (10)
Scrolls
 d - a scroll of brand weapon {unknown}
 e - a scroll of enchant armour {unknown}
 g - a scroll of fear {unknown}
 h - 5 scrolls of identify {unknown}
 k - 2 scrolls of teleportation {unknown}
 n - a scroll of vulnerability {unknown}
Potions
 o - a potion of attraction {unknown}


   Skills:
 + Level 3.5 Fighting
 + Level 2.4 Axes
 + Level 3.1 Armour
 + Level 1.4 Dodging
 + Level 3.1 Shields
 + Level 2.1 Invocations
 + Level 1.2 Evocations


You had 4 spell levels left.
You didn't know any spells.
Your spell library was empty.

Dungeon Overview and Level Annotations

Branches:
Dungeon (4/15)
 Temple: D:4-7

Altars:

Shops:
D:2 :


Innate Abilities, Weirdness & Mutations

You are mostly covered in molten scales. (AC +3)
You regenerate magic rapidly.


Message History

You feel protected.
You feel sick.
The phantom hits you but does no damage.
The scorpion stings you but does no damage. x2
It was a potion of ambrosia.
You are confused.
You feel invigorated.
You feel sick. The gnoll closely misses you. The scorpion stings you.
* * * LOW HITPOINT WARNING * * *
The scorpion barely misses you.
The phantom hits you but does no damage.
You bump into the rock wall.
You feel sick. The scorpion stings you.
* * * LOW HITPOINT WARNING * * *
The gnoll hits you but does no damage.
You are lethally poisoned!
The scorpion stings you but does no damage.
The phantom hits you but does no damage.
Unknown command.
You bump into the rock wall.
* * * LOW HITPOINT WARNING * * *
You feel sick. The scorpion barely misses you.
The scorpion stings you but does no damage.
The gnoll closely misses you.
The phantom hits you but does no damage.
Unknown command.
You hit the phantom.
The phantom is heavily damaged.
You hit the scorpion. You miss the scorpion.
You feel less invigorated.
You feel less confused.
* * * LOW HITPOINT WARNING * * *
You feel very sick. The scorpion stings you.
* * * LOW HITPOINT WARNING * * *
The scorpion barely misses you. You block the gnoll's attack.
The phantom misses you.
The scorpion stings you but does no damage.
The scorpion barely misses you. The gnoll barely misses you.
* * * LOW HITPOINT WARNING * * *
You feel sick. The phantom attacks as it pursues you! The phantom hits you.
You die...

##... #.#....
#......##
#........
#.......# #$# ##
#.......# #.# ...
#.......###.# #.#
........@...#.#ß.ß
#.....sW##..#...
#......s##..#.# .ß
#..###.gg.....##.#
#?#.~.##g..<.....#
#...~.##........##
#..≈..............
###≈#.........<##.
#≈#.#.......###


You could see a phantom, 2 scorpions and a gnoll.

Vanquished Creatures
  5 adders (D:3)
  4 gnolls (D:2)
  A ribbon worm (D:3)
  6 bats
  6 endoplasms
  5 goblins
  3 hobgoblins
  6 jackals (D:3)
  A quokka (D:1)
  3 ball pythons
  3 frilled lizards (D:3)
  3 kobolds
  10 rats
56 creatures vanquished.

Notes
Turn   | Place    | Note
-------+----------+-------------------------------------------
     0 | D:1      | Revguard the Demonspawn Fighter began the quest for the
                  | Orb.
     0 | D:1      | Reached XP level 1. HP: 18/18 MP: 1/1
   233 | D:1      | Gained mutation: You are partially covered in molten
                  | scales. (AC +2) [demonic ancestry]
   233 | D:1      | Reached XP level 2. HP: 22/24 MP: 2/2
   777 | D:2      | Reached skill level 1 in Invocations
   819 | D:2      | Reached XP level 3. HP: 13/29 MP: 3/3
   826 | D:2      | Reached skill level 1 in Dodging
   826 | D:2      | Reached skill level 1 in Evocations
   938 | D:2      | Found Kegaajin's Vocational Training.
  1179 | D:3      | Gained mutation: You regenerate magic rapidly. [demonic
                  | ancestry]
  1179 | D:3      | Reached XP level 4. HP: 35/35 MP: 5/5
  1761 | D:3      | Gained mutation: You are mostly covered in molten scales.
                  | (AC +3) [demonic ancestry]
  1761 | D:3      | Reached XP level 5. HP: 41/41 MP: 6/6
  1844 | D:4      | Noticed a phantom
  1859 | D:4      | HP: 2/41 [scorpion (5)]
  1862 | D:4      | Slain by a phantom

Illustrated notes

Levels and vault maps discovered:
D:1:      giann_wishing_wells, layout_basic
D:2:      layout_loops_cross, nicolae_shop_vocational
D:3:      layout_rooms, chequers_serial_rivers_small_b
D:4:      layout_loops_ring, old_standard_altar, xom_teletrap_fun,
          marbit_many_paths, small_statue_intersection,
          chequers_serial_rivers_micro_b, nicolae_tricolors, uniq_blork_the_orc

Skill      XL: |  1  2  3  4 |
---------------+-------------+-----
Axes           | 2 |  2.4
Invocations    | 1 2 |  2.1
Dodging        | 1 |  1.4
Evocations     | 1 |  1.2
Shields        | 3 |  3.1
Armour         | 3 |  3.1
Fighting       | |  3.5

Action                     |  1- 3 |  4- 6 || total
---------------------------+-------+-------++-------
  Melee: War axe           |    74 |    54 ||   128
    Use: Potion            |     1 |     5 ||     6
 Armour: Scale mail        |    77 |    92 ||   169
  Dodge: Dodged            |    34 |    56 ||    90
  Block: Buckler           |    28 |    23 ||    51

Table legend: (Time is in decaauts)
 A = Elapsed time spent in this place.
 B = Non-inter-level travel time spent in this place.
 C = Inter-level travel time spent in this place.
 D = Time resting spent in this place.
 E = Time spent auto-exploring this place.
 F = Levels seen in this place.
 G = Mean time per level.
                   A        B        C        D        E       F      G
               +--------+--------+--------+--------+--------+-----+--------+
         Total |   1915 |   1858 |     57 |      0 |   1424 |   4 |  478.8 |
       Dungeon |   1915 |   1858 |     57 |      0 |   1424 |   4 |  478.8 |
               +--------+--------+--------+--------+--------+-----+--------+

Top non-repeatable levels by time:
     D:3: 688 daAuts
     D:1: 614 daAuts
     D:2: 584 daAuts
     D:4: 28 daAuts
